 Dungeon Crawl Stone Soup version 0.31-a0-1620-gcbf77bbcfc (webtiles) character file.

Game seed: 6190201269961422814

1591 Flugslaktarn the Chopper (level 8, -8/74 HPs)
             Began as a Minotaur Fighter on Jan 11, 2024.
             Was an Elder of Cheibriados.
             Killed from afar by Dowan (27 damage)
             ... with a shard of ice
             ... on level 6 of the Dungeon.
             The game lasted 00:03:30 (5807 turns).

Flugslaktarn the Chopper (Minotaur Fighter)         Turns: 5807, Time: 00:03:31

Health: -8/74      AC:  8    Str: 32 (33) XL:     8   Next: 61%
Magic:  9/9        EV: 12    Int: 12 (14) God:    Cheibriados [****..]
Gold:   196        SH:  5    Dex: 17 (18) Spells: 7/7 levels left

rFire   . . .        a - +1 war axe
rCold   . . .        c - +0 buckler
rNeg    . . .        b - +0 scale mail
rPois   .            (helmet restricted)
rElec   .            (no cloak)
rCorr   .            j - +0 pair of gloves
SInv    .            (no boots)
Will    +....        (no amulet) Stlth
                     (no ring)
HPRegen 0.32/turn    (no ring)
MPRegen 0.11/turn

%: no passive effects
@: enlightened, flying, very slow
A: horns 2, retaliatory headbutt
a: Renounce Religion, Bend Time, Temporal Distortion, Slouch


You were on level 6 of the Dungeon.
You worshipped Cheibriados.
Cheibriados was greatly pleased with you.
You visited 2 branches of the dungeon, and saw 7 of its levels.
You also visited: Sewer.

You collected 196 gold pieces.

Inventory:

Hand Weapons
 a - a +1 war axe (weapon)
 f - the +8 frozen axe "Frostbite" {freeze, freezing cloud, *Noise Fly rC+}
   (You found it on level 5 of the Dungeon)

   rC+:       It protects you from cold.
   Fly:       It grants you flight.
   *Noise:    It may make a loud noise when swung.
 g - a +1 hand axe of venom
   (You found it on level 1 of the Dungeon)
Armour
 b - a +0 scale mail (worn)
 c - a +0 buckler (worn)
 j - a +0 pair of gloves (worn)
   (You found it on level 4 of the Dungeon)
Jewellery
 m - a ring of wizardry
   (You found it on level 6 of the Dungeon)
Scrolls
 e - a scroll of enchant armour {unknown}
 h - a scroll of revelation
 i - 3 scrolls of fog
 p - 2 scrolls of enchant weapon
 t - 2 scrolls of teleportation
Potions
 d - a potion of might
 k - 2 potions of degeneration
 l - 2 potions of haste {unknown}
 o - 2 potions of experience {unknown}
 q - 2 potions of curing
 s - a potion of heal wounds {unknown}
 u - 2 potions of enlightenment


   Skills:
 + Level 7.8 Fighting
 * Level 7.8 Axes
 + Level 6.3 Armour
 + Level 3.3 Dodging
 - Level 4.9 Shields
 + Level 2.8 Invocations


You had 7 spell levels left.
You didn't know any spells.
Your spell library contained the following spells:

 Spells                   Type           Power      Damage    Failure   Level
 Kiss of Death            Conj/Necr      0%         2d5       56%         1
 Magic Dart               Conj           0%         1d3       56%         1
 Searing Ray              Conj           0%         2d4       71%         2
 Confusing Touch          Hex            0%         N/A       91%         3
 Dispel Undead            Necr           0%         3d6       100%        4
 Fulminant Prism          Conj/Alch      0%         3d5       100%        4


Dungeon Overview and Level Annotations

Branches:
Dungeon (6/15)             Temple (1/1) D:4           Sewer (visited)

Altars:
Cheibriados
Dithmenos
Elyvilon
Gozag
Hepliaklqana
Kikubaaqudgha
Makhleb
Nemelex Xobeh
Okawaru
Qazlal
Ru
Sif Muna
Trog
Uskayaw
Wu Jian
Xom
Yredelemnul
Zin
The Shining One

Shops:
D:2 ?!   D:3 [

Annotations:
D:3 2 transporters, makewrite's ghost, novice MiBe
D:5 2 transporters, NoMoreGames's ghost, novice OnFi
D:6 Dowan; utilitronium's ghost, novice MiBe


Innate Abilities, Weirdness & Mutations

You have a pair of horns on your head.
You reflexively headbutt those who attack you in melee.


Message History

You kill Prince Ribbit!
Cheibriados appreciates the change of pace.
Your Dodging skill increases to level 3!
You start resting.
Magic restored.
HP restored.
Found a stone staircase leading down.
There is a stone staircase leading down here.
The white imp shouts, "Quit, thou worthless fat-kidneyed scavenger!"
Utilitronium's ghost turns its malevolent gaze towards you.
Duvessa, Sister of Dowan comes into view.
She is wielding a +0 short sword.
Duvessa shouts!
Unknown command.
Dowan, Brother of Duvessa comes into view.
He is wielding a +3 dagger of freezing and wearing a +2 robe of cold resistance.
Duvessa opens the door.
Dowan shouts!
Dowan gestures wildly while chanting.
Dowan blinks!
It was a potion of curing.
You feel better.
q - 2 potions of curing;
h - a scroll of revelation It was a potion of degeneration.
There was something very wrong with that liquid.
You feel weakened.
You feel dopey.
You feel clumsy.
Okay, then.
You hit Duvessa.
Duvessa is lightly wounded.
Duvessa barely misses you.
You hit Duvessa but do no damage.
Duvessa is lightly wounded.
Dowan gestures wildly while chanting.
Dowan blinks!
Duvessa closely misses you. You furiously retaliate!
You headbutt Duvessa! You hit Duvessa.
Duvessa is heavily wounded.
Duvessa barely misses you. You furiously retaliate!
You headbutt Duvessa! You slash Duvessa!
You kill Duvessa!
Cheibriados appreciates the change of pace.
You hear a distant wail of despair.
Dowan seems to find hidden reserves of power!
Dowan hits you with a +3 dagger of freezing.
Dowan freezes you.
You barely miss Dowan. Dowan casts a spell at you. The shard of ice hits you!
You closely miss Dowan. Dowan hits you but does no damage.
Dowan hits you with a +3 dagger of freezing.
Dowan freezes you.
You hit Dowan.
Dowan is lightly wounded.
Dowan hits you with a +3 dagger of freezing!
Dowan freezes you. Dowan closely misses you.
You completely miss Dowan. You headbutt Dowan!
Dowan is severely wounded.
Dowan hits you with a +3 dagger of freezing.
Dowan freezes you.
You closely miss Dowan.
Dowan is severely wounded.
Dowan hits you with a +3 dagger of freezing.
Dowan freezes you.
Dowan hits you with a +3 dagger of freezing.
Dowan freezes you.
You hit Dowan.
Dowan is severely wounded.
Dowan hits you with a +3 dagger of freezing.
Dowan freezes you. Dowan casts a spell at you. The stone arrow misses you.
You barely miss Dowan. You headbutt Dowan.
Dowan is almost dead.
Dowan mumbles some strange words.
Dowan blinks!
Dowan mumbles some strange words.
Dowan blinks!
You start resting.
Dowan is nearby!
Unknown command.
You closely miss Dowan.
Dowan is almost dead.
Dowan gestures at you while chanting. The stone arrow hits you!
* * * LOW HITPOINT WARNING * * *
You hit Dowan.
Dowan is almost dead.
Dowan says, "How can I live without her?"
Dowan mumbles some strange words.
Dowan blinks!
You aren't carrying any items that you can evoke.
Unknown command.
Dowan barely misses you.
Dowan mumbles some strange words.
Dowan blinks!
Dowan gestures wildly while chanting.
Dowan blinks!
It was a potion of enlightenment.
You feel very buoyant.
You fly up into the air.
Dowan points at you and mumbles some strange words.
The shard of ice hits you!!
You die...

#........# #
##........####+####
###..........#......#
##............+......#
....'...)......#......#
...e?#....##...##......#
.... #....# ...##......#
... #...># ...##......#
... #.@..###+###......#
#.................#
#.................#
#.................#
#.................#
#.ยง..e............#
#.........##......#
#.........##......#
#..................


You could see Dowan (fast).

Vanquished Creatures
  Prince Ribbit (D:6)
  A water moccasin (D:5)
  Duvessa (D:6)
  Pargi (Sewer)
  2 ice beasts
  A black bear (D:6)
  An ogre (D:6)
  A brain worm (Sewer)
  2 scorpions
  A jelly (D:5)
  A gnoll bouda (D:5)
  2 hounds
  An orc priest (D:5)
  A sleepcap (D:5)
  3 iguanas (D:5)
  6 gnolls
  9 adders
  2 ufetubi (D:6)
  A ribbon worm (D:2)
  7 dart slugs
  29 orcs
  7 bats
  5 endoplasms
  6 giant cockroaches
  6 goblins
  6 hobgoblins
  4 jackals (D:1)
  8 kobolds
  9 quokkas
  8 ball pythons
  8 frilled lizards
  9 rats
150 creatures vanquished.

Notes
Turn   | Place    | Note
-------+----------+-------------------------------------------
     0 | D:1      | Flugslaktarn the Minotaur Fighter began the quest for the
                  | Orb.
     0 | D:1      | Reached XP level 1. HP: 19/19 MP: 0/0
   191 | D:1      | Reached XP level 2. HP: 26/27 MP: 1/1
   361 | D:1      | Reached XP level 3. HP: 27/33 MP: 2/2
  1228 | D:2      | Found a hide-covered altar of Uskayaw.
  1287 | D:2      | Found Giclobuoh's Magic Scroll Emporium.
  1429 | D:2      | You fall into a shaft and drop 2 floors!
  1480 | D:4      | Found a staircase to the Ecumenical Temple.
  1499 | Temple   | Entered the Ecumenical Temple
  1511 | Temple   | Became a worshipper of Cheibriados the Contemplative
  1550 | D:4      | Reached XP level 4. HP: 41/41 MP: 3/3
  1668 | D:4      | Found a glowing drain.
  1782 | Sewer    | Entered a sewer
  1870 | Sewer    | Noticed a brain worm
  1872 | Sewer    | Noticed Pargi
  1875 | Sewer    | Killed a brain worm
  1876 | Sewer    | Reached skill level 5 in Fighting
  1876 | Sewer    | Reached XP level 5. HP: 31/48 MP: 1/4
  1880 | Sewer    | Killed Pargi
  1881 | Sewer    | Reached XP level 6. HP: 28/56 MP: 1/5
  1882 | Sewer    | Reached * piety under Cheibriados
  2635 | D:3      | Reached skill level 5 in Axes
  2725 | D:3      | Reached ** piety under Cheibriados
  2806 | D:3      | Found a hide-covered altar of Uskayaw.
  2812 | D:3      | Noticed a +0 hand axe
  2813 | D:3      | Noticed a +0 hand axe
  2910 | D:3      | Found a transporter.
  2912 | D:3      | Noticed makewrite's ghost (novice MiBe)
  2945 | D:3      | Found a transporter.
  3032 | D:3      | Found Qixauppink's Armour Shop.
  3514 | D:2      | Found Noklaig's Distillery.
  4232 | D:5      | Entered Level 5 of the Dungeon
  4284 | D:5      | Noticed a water moccasin
  4289 | D:5      | Killed a water moccasin
  4290 | D:5      | Reached skill level 5 in Armour
  4290 | D:5      | Reached XP level 7. HP: 61/64 MP: 6/6
  4293 | D:5      | Reached skill level 1 in Dodging
  4335 | D:5      | Reached *** piety under Cheibriados
  4400 | D:5      | Noticed NoMoreGames's ghost (novice OnFi)
  4497 | D:5      | Reached skill level 1 in Invocations
  4512 | D:5      | Found a transporter.
  4524 | D:5      | Found the +8 frozen axe "Frostbite" {freeze, freezing
                  | cloud, *Noise Fly rC+}
  4574 | D:5      | Found a transporter.
  5311 | D:6      | Reached XP level 8. HP: 51/73 MP: 8/8
  5439 | D:6      | Reached **** piety under Cheibriados
  5568 | D:6      | Noticed Prince Ribbit
  5590 | D:6      | Killed Prince Ribbit
  5777 | D:6      | Noticed utilitronium's ghost (novice MiBe)
  5782 | D:6      | Noticed Duvessa
  5784 | D:6      | Noticed Dowan
  5791 | D:6      | Killed Duvessa
  5807 | D:6      | Killed from afar by Dowan

Illustrated notes

Levels and vault maps discovered:
D:1:      dpeg_cavernosity, layout_loops_ring, st_stairs_5
D:2:      layout_basic, basic_altar, serial_shops, nicolae_shop_gibbet_a_chance,
          shop, due_unseen_surprise
D:3:      layout_rooms, dancing_weapons_uskayaw, gammafunk_ghost_mausoleum,
          serial_shops, nicolae_square_shop, minmay_misc_feat_plants,
          kennysheep_generic_room_8
D:4:      corexii_shack_village, layout_cave_pools, minmay_temple_entry_grid,
          gup_sewer_entry_glass, minivault_24, nicolae_houndstooth_variations
D:5:      cheibrodos_quashed, layout_rooms, gammafunk_ghost_stat_death,
          serial_library_hellmonk_h_bend
D:6:      layout_gridville, gammafunk_temple_overflow_elements,
          gammafunk_ghost_icy, uniq_edmund, uniq_prince_ribbit1, uniq_duvessa
Temple:   hc_temple_tempest_star

Skill      XL: |  1  2  3  4  5  6  7  8 |
---------------+-------------------------+-----
Fighting       | 4 5 6 7 |  7.8
Axes           | 3 4 5 6 7 |  7.8
Shields        | 4 |  4.9
Armour         | 4 5 6 |  6.3
Dodging        | 2 3 |  3.3
Invocations    | 1 2 |  2.8

Action                     |  1- 3 |  4- 6 |  7- 9 || total
---------------------------+-------+-------+-------++-------
  Melee: War axe           |    31 |     3 |    66 ||   100
         Hand axe          |    52 |   140 |       ||   192
         Headbutt          |     5 |    17 |    15 ||    37
         Executioner's axe |       |       |    19 ||    19
    Use: Scroll            |       |     5 |     5 ||    10
         Potion            |       |       |     3 ||     3
 Armour: Scale mail        |    60 |    96 |    86 ||   242
  Dodge: Dodged            |    49 |    66 |    63 ||   178
  Block: Buckler           |    22 |    40 |    20 ||    82

Table legend: (Time is in decaauts)
 A = Elapsed time spent in this place.
 B = Non-inter-level travel time spent in this place.
 C = Inter-level travel time spent in this place.
 D = Time resting spent in this place.
 E = Time spent auto-exploring this place.
 F = Levels seen in this place.
 G = Mean time per level.
                   A        B        C        D        E       F      G
               +--------+--------+--------+--------+--------+-----+--------+
         Total |   7349 |   7055 |    294 |    562 |   5483 |   8 |  918.6 |
       Dungeon |   7062 |   6792 |    270 |    472 |   5428 |   6 | 1177.0 |
        Temple |     27 |      3 |     24 |      0 |      0 |   1 |   27.0 |
         Sewer |    259 |    259 |      0 |     90 |     54 |   1 |  259.0 |
               +--------+--------+--------+--------+--------+-----+--------+

Top non-repeatable levels by time:
     D:2: 1658 daAuts
     D:5: 1482 daAuts
     D:4: 1272 daAuts
     D:1: 1212 daAuts
     D:3: 853 daAuts
     D:6: 582 daAuts
   Sewer: 259 daAuts
  Temple: 27 daAuts
